Cogmind - Beta 13 @@@ ROGUE MODE // 2024.04.07 @ 06:56:34 Player: Gertrude Result: Destroyed by G-47 Trooper with Particle Gun Performance ------------- Evolutions (2) 1000 Regions Visited (3) 600 Robots Destroyed (66) 330 Value Destroyed (1885) 1885 Prototype IDs (8) 160 Alien Tech Used (0) 0 Bonus (11) 11 TOTAL SCORE: 3986 Bonus ------- High Alert Combat Kills 11 Cogmind --------- Core Integrity 0/550 Matter 300/300 Energy 99/100 System Corruption 2% Temperature Cool (9) Movement Core (50) Location -8/Materials Parts ------- > --- POWER (1) -------- (None) > --- PROPULSION (4) --- (None) > --- UTILITY (3) ------ Transport Network Coupler System Shield > --- WEAPON (3) ------- (None) > --- INVENTORY (5) ---- Ion Engine Heavy Ion Engine Improved EM Shotgun Advanced Beam Cannon Improved Assault Rifle Peak State ------------ > --- POWER ------------ Cooled Ion Engine > --- PROPULSION ------- Aerolev Unit Aerolev Unit Aerolev Unit Aerolev Unit > --- UTILITY ---------- Small Storage Unit Transport Network Coupler Reaction Control System > --- WEAPON ----------- Heavy Particle Cannon Enhanced Autogun Enhanced Autogun > --- INVENTORY -------- Ion Engine Heavy Ion Engine Cooled Ion Engine Aluminum Leg Improved EM Shotgun Advanced Beam Cannon Advanced Beam Cannon Improved Assault Rifle [Rating: 37] Favorites ----------- Power Ion Engine Engine Ion Engine Propulsion Compact Wheel Leg Aluminum Leg Wheel Compact Wheel Hover Unit Aerolev Unit Utility Small Storage Unit Device Shield Generator Storage Small Storage Unit Processor Transport Network Coupler Hackware System Shield Weapon Improved Assault Rifle Energy Gun Improved EM Shotgun Energy Cannon Heavy Particle Cannon Ballistic Gun Improved Assault Rifle Build | -11 -10 -9 -8 ------- Run | Yrd Mat Mat Mat Slots Evolved 4 | . . 2 2 Power . | . . . . Propulsion 2 | . . 2 . Utility 1 | . . . 1 Weapon 1 | . . . 1 Parts Attached 56 | 6 4 23 23 Power 5 | 1 . 3 1 Engine 5 | 1 . 3 1 Core . | . . . . Reactor . | . . . . Propulsion 20 | 2 1 7 10 Treads . | . . . . Leg 10 | . . 4 6 Wheel 6 | 2 1 3 . Hover 4 | . . . 4 Flight . | . . . . Utility 6 | 1 1 2 2 Device 2 | . . 1 1 Storage 1 | 1 . . . Processor 2 | . 1 1 . Hackware 1 | . . . 1 Protection . | . . . . Artifact . | . . . . Weapon 25 | 2 2 11 10 Energy Gun 6 | 1 . 5 . Energy Cannon 8 | . . 2 6 Ballistic Gun 11 | 1 2 4 4 Ballistic Cannon . | . . . . Launcher . | . . . . Special Weapon . | . . . . Impact Weapon . | . . . . Slashing Weapon . | . . . . Piercing Weapon . | . . . . Special Melee Weapon . | . . . . Unidentified Prototypes 7 | . 1 4 2 Parts Lost 20 | . 1 7 12 Power 3 | . . 1 2 Propulsion 10 | . 1 4 5 Utility 2 | . . . 2 Weapon 5 | . . 2 3 Highest Loss Streak 10 | . 1 2 10 To Critical Strikes . | . . . . Average Slot Usage (%) 86 | . 97 76 90 Engine 11 | . 14 10 8 Leg 9 | . . 6 25 Wheel 16 | . 27 16 . Hover 1 | . . . 6 Device 2 | . . 5 1 Storage 11 | . 14 11 8 Processor 8 | . 11 4 9 Energy Gun 3 | . . 8 . Energy Cannon 6 | . . 2 20 Ballistic Gun 14 | . 27 10 5 Naked Turns . | . . . . Heaviest Build 31 | 14 16 21 31 Greatest Support 58 | 32 32 58 45 Greatest Overweight (x) 8 | . . 6 8 Average Overweight (x) . | . . . . Largest Inventory Capacity 8 | 8 8 8 8 Average Capacity 7 | 6 8 8 7 Most Carried 8 | 4 7 8 8 Average Carried 6 | . 5 6 7 Final Capacity 8 | 8 8 8 5 Final Carried 8 | . 7 8 5 Class Distribution -------------------- 70% | Mutant 16% | Scavenger-Skirmisher 6% | Scavenger-Mutant 3% | Tank Dominant Class ---------------- Mutant | -10/Materials Mutant | -9/Materials Scavenger-Skirmisher | -8/Materials Resources | -11 -10 -9 -8 ----------- Run | Yrd Mat Mat Mat Matter Collected 1358 | 226 243 508 381 Remotely . | . . . . Salvage Created 2694 | . 593 1357 744 Parts 165 | . 51 77 37 Haulers Intercepted 9 | . 2 5 2 Recyclers Shooed . | . . . . Parts Field Recycled . | . . . . Retrieved Matter . | . . . . Parts Self-Destructed . | . . . . Prevented . | . . . . Kills | -11 -10 -9 -8 ------- Run | Yrd Mat Mat Mat Combat Hostiles Destroyed 46 | . 14 20 12 Guns 33 | . 14 16 3 Cannons 10 | . . 2 8 AOE 1 | . . 1 . Classes Destroyed 7 | . 5 2 . Worker 1 | . . 1 . Builder 3 | . 1 2 . Hauler 9 | . 2 5 2 Watcher 7 | . 3 3 1 Swarmer 6 | . 6 . . Grunt 32 | . 8 14 10 Sentry 8 | . . 6 2 Best Kill Streak 7 | . 4 3 7 Combat Bots Only 7 | . 3 3 7 Max Kills in Single Turn 2 | . 2 2 1 Gunslinging . | . . . . Exploded 1 | . . 1 . Melee . | . . . . Uniques/NPCs Destroyed . | . . . . Combat | -11 -10 -9 -8 -------- Run | Yrd Mat Mat Mat Hostile Shots Fired 286 | . 39 131 116 Missed 65 | . 11 41 13 Damage Taken 3465 | . 308 1194 1963 Core 962 | . 72 329 561 Absorbed by Shields 87 | . . 87 . Regen/Repaired (Parts) 35 | . . 35 . Core Remaining (%) 62 | 100 71 17 . Volleys Fired 156 | . 28 85 43 Largest 3 | . 2 2 3 Hottest 225 | . 46 136 225 Shots Fired 311 | . 58 157 96 Gun 228 | . 58 143 27 Cannon 83 | . . 14 69 Launcher . | . . . . Special . | . . . . Kinetic 181 | . 58 96 27 Thermal 83 | . . 14 69 Explosive . | . . . . Electromagnetic 47 | . . 47 . Robot Hit Streak 25 | . 9 25 11 Robot Miss Streak 3 | . 2 3 3 Penetration Max . | . . . . Secondary Targets 3 | . 1 2 . Max Gunslinging Chain 1 | . 1 1 . Shots Hit Robots 224 | . 40 121 63 Core Hits 112 | . 28 56 28 Critical Kills 1 | . . . 1 Critical Parts Destroyed . | . . . . Critical Strikes 1 | . . . 1 Meltdown 1 | . . . 1 Melee Attacks . | . . . . Impact . | . . . . Slashing . | . . . . Piercing . | . . . . Sneak Attacks . | . . . . Combat Hostiles . | . . . . Follow-up Attacks . | . . . . Damage Inflicted 4477 | . 692 2138 1647 Guns 2701 | . 649 1759 293 Cannons 1393 | . . 144 1249 Explosions 225 | . . 225 . Melee . | . . . . Ramming 158 | . 43 10 105 Kinetic 1956 | . 649 1014 293 Thermal 1618 | . . 369 1249 Explosive . | . . . . Electromagnetic 745 | . . 745 . Impact . | . . . . Slashing . | . . . . Piercing . | . . . . Highest Corruption 2 | . 2 . 2 Average Corruption 2 | . 2 . 2 Corruption Purged . | . . . . Corruption Blocked . | . . . . Effects 22 | . 12 . 10 Message Errors 5 | . 3 . 2 Matter Fused 4 | . 1 . 3 Heat Flow Errors 3 | . 1 . 2 Data Loss (minor) 5 | . 3 . 2 Data Loss (major) 1 | . . . 1 Misfires 2 | . 2 . . Alerts 2 | . 2 . . Overload Shots . | . . . . Overflow Damage 26 | . . . 26 Projectiles . | . . . . Explosions . | . . . . Melee 26 | . . . 26 Knockbacks 3 | . 1 . 2 Impact 3 | . 1 . 2 Kinetic . | . . . . Secondary . | . . . . Self-Inflicted Damage 214 | . 20 147 47 Shots 5 | . . 5 . Rammed 12 | . 6 1 5 Targets Rammed 18 | . 6 1 11 Kicked 6 | . . . 6 Crushed . | . . . . Highest Temperature 775 | . 226 192 775 Average Temperature 184 | . 51 43 283 Received Heat Transfer 1525 | . 117 508 900 Effects 51 | . . . 51 Shutdowns 8 | . . . 8 Energy Bleed 8 | . . . 8 Interference 11 | . . . 11 Matter Decay 3 | . . . 3 Short Circuit 7 | . . . 7 Damage (minor) 6 | . . . 6 Damage (major) 5 | . . . 5 Damage (core) 3 | . . . 3 Siege Activations . | . . . . Robots Corrupted 1 | . . 1 . Combat Hostiles 1 | . . 1 . Parts Fried 4 | . . 4 . Impact Corruptions 2 | . . . 2 Robots Melted 1 | . . . 1 Combat Hostiles 1 | . . . 1 Parts Melted 6 | . . 2 4 Heat Transferred 2470 | . . 509 1961 Parts Sabotaged . | . . . . Parts Stolen . | . . . . Parts Stripped . | . . . . Power Chain Reactions 6 | . . 6 . Alert | -11 -10 -9 -8 ------- Run | Yrd Mat Mat Mat Peak Influence 403 | . 279 326 403 Initial 17 | . . 9 17 Average 142 | . 107 131 221 Maximum Alert Level 2 | . 1 1 2 Low Security (%) 70 | 100 89 78 29 Level 1 28 | . 10 21 68 Level 2 . | . . . 2 Level 3 . | . . . . Level 4 . | . . . . Level 5 . | . . . . High Security . | . . . . Max Security . | . . . . Squads Dispatched 12 | . 4 4 4 Investigation 8 | . 4 2 2 Extermination . | . . . . Reinforcement 3 | . . 2 1 Assault . | . . . . Garrison 1 | . . . 1 Intercept . | . . . . Searches Triggered . | . . . . Construction Impeded 1 | . . 1 . Haulers Reinforced . | . . . . Active Scanning Responses . | . . . . Cargo Convoy Interrupts . | . . . . Stealth | -11 -10 -9 -8 --------- Run | Yrd Mat Mat Mat Distress Signals 7 | . 2 5 . Communications Jammed . | . . . . Distress Signals . | . . . . Times Spotted 87 | . 19 37 31 Peak Tracking Total 9 | . 5 9 7 Tactical Retreats 4 | . . 3 1 Traps | -11 -10 -9 -8 ------- Run | Yrd Mat Mat Mat Traps Triggered 5 | . 3 1 1 Indirectly . | . . . . Trap Hack Attempts . | . . . . Triggered . | . . . . Disarmed . | . . . . Reprogrammed . | . . . . Reused . | . . . . Traps Extracted . | . . . . Installed . | . . . . Triggered . | . . . . Machines | -11 -10 -9 -8 ---------- Run | Yrd Mat Mat Mat Machines Disabled 5 | . . 3 2 Max in Single Turn 1 | . . 1 1 Machines Repaired . | . . . . Machines Dismantled . | . . . . Machines Sabotaged . | . . . . Overloaded Fab Kills . | . . . . Hacking | -11 -10 -9 -8 --------- Run | Yrd Mat Mat Mat Machines Accessed 18 | . 8 7 3 Terminals 15 | . 7 6 2 Fabricators . | . . . . Repair Stations 2 | . 1 1 . Recycling Units . | . . . . Scanalyzers . | . . . . Garrison Access 1 | . . . 1 Total Hacks 60 | . 29 23 8 Successful 29 | . 13 13 3 Failed 31 | . 16 10 5 Catastrophic 3 | . 1 . 2 Database Lockouts . | . . . . Manual 28 | . 14 10 4 Terminals 51 | . 27 17 7 Fabricators . | . . . . Repair Stations 8 | . 2 6 . Recycling Units . | . . . . Scanalyzers . | . . . . Garrison Access 1 | . . . 1 Terminal Hacks 26 | . 13 10 3 Record 2 | . . . 2 Prototype ID Bank 1 | . 1 . . Alert Level 10 | . 3 6 1 Unreport Threat 3 | . 1 2 . Locate Traps 3 | . 1 2 . Dispatch Records 1 | . 1 . . Transport Status 1 | . 1 . . Recall Investigation 1 | . 1 . . Hauler Manifests 1 | . 1 . . Zone Layout 3 | . 3 . . Fabricator Hacks . | . . . . Repair Station Hacks 3 | . . 3 . Scan Component 2 | . . 2 . Repair 1 | . . 1 . Recycling Unit Hacks . | . . . . Scanalyzer . | . . . . Garrison Access Hacks . | . . . . Unauthorized Hacks . | . . . . Terminals . | . . . . Fabricators . | . . . . Repair Stations . | . . . . Recycling Units . | . . . . Scanalyzers . | . . . . Garrison Access . | . . . . Data Cores Recovered . | . . . . Used . | . . . . Hacking Detections 16 | . 6 7 3 Full Trace Events 4 | . 1 2 1 Feedback Events . | . . . . Feedback Blocked . | . . . . Robot Schematics Acquired . | . . . . Robots Built . | . . . . Authchips . | . . . . Time . | . . . . Total Robot Build Rating . | . . . . Part Schematics Acquired . | . . . . Parts Built . | . . . . Authchips . | . . . . Time . | . . . . Total Part Build Rating . | . . . . Parts Repaired 1 | . . 1 . Time 26 | . . 26 . Parts Recycled . | . . . . Recycled Matter . | . . . . Retrieved Matter . | . . . . Retrieved Components . | . . . . Parts Scanalyzed . | . . . . Part Schematics Acquired . | . . . . Parts Damaged . | . . . . Bothacking | -11 -10 -9 -8 ------------ Run | Yrd Mat Mat Mat Used RIF Installer . | . . . . Robots Hacked . | . . . . Non-combat . | . . . . Combat . | . . . . Robot Hacks Applied . | . . . . Relay Couplers Released . | . . . . Fabnet Peak Effective % . | . . . . Robots Rewired . | . . . . Allies Hacked . | . . . . Hacks Repelled . | . . . . Allies | -11 -10 -9 -8 -------- Run | Yrd Mat Mat Mat Total Allies . | . . . . Largest Group . | . . . . Highest-Rated Group . | . . . . Highest-Rated Ally . | . . . . Total Orders . | . . . . Ally Attacks . | . . . . Total Damage . | . . . . Kills . | . . . . Allies Corrupted . | . . . . Allies Melted . | . . . . Intel | -11 -10 -9 -8 ------- Run | Yrd Mat Mat Mat Robot Analysis Total . | . . . . Derelict Logs Recovered . | . . . . Drone Launches . | . . . . Drone Recoveries . | . . . . Exploration | -11 -10 -9 -8 ------------- Run | Yrd Mat Mat Mat Turns Passed 3058 | 55 1006 1272 725 Spaces Moved 2012 | 41 793 711 467 Core 49 | 6 . 15 28 Treads . | . . . . Legs 428 | . . 109 319 Wheels 1415 | 35 793 587 . Hover 120 | . . . 120 Flight . | . . . . Fastest Speed 38 | 50 100 90 38 Average Speed 100 | 92 100 100 102 Slowest Speed 450 | 100 100 350 450 Overloaded Moves . | . . . . Propulsion Burnouts . | . . . . Robots Hopped . | . . . . Cave-ins Triggered . | . . . . Exploration Rate (%) 48 | 3 97 59 33 Regions Visited 3 Branch Regions . Pre-discovered Areas . | . . . . Known Exits Taken 1 | . 1 . . Unknown Exits Taken 2 | 1 . 1 . Scrap Searched . | . . . . Spaces Dug . | . . . . Terrain Destroyed 26 | . . 17 9 Melee . | . . . . Projectile 9 | . . . 9 AOE 17 | . . 17 . Terrain Rammed . | . . . . Walls Destroyed . | . . . . Machines Disabled . | . . . . Actions | -11 -10 -9 -8 --------- Run | Yrd Mat Mat Mat Total 2760 | 57 949 1114 640 Wait 436 | 5 108 263 60 Move 2009 | 40 792 710 467 Hop . | . . . . Pick Up 58 | 6 10 21 21 Fast Attach . | . . . . Attach 36 | 6 2 13 15 Detach 2 | . . 2 . Swap 20 | . 2 10 8 Drop 25 | . 1 9 15 Fire 156 | . 28 85 43 Melee . | . . . . Ram 12 | . 6 1 5 Kick 6 | . . . 6 Crush . | . . . . Escape Stasis . | . . . . Rewire . | . . . . Trap . | . . . . Miscellaneous . | . . . . Route ------- -11/Scrapyard -10/Materials (discovered 5 exits: *Mat x3 / *Min / *Sub) -9/Materials (discovered 3 exits: *Mat x2 / [*Min]) -8/Materials (discovered 3 exits: [*Fac] / [*Sto x2]) History --------- Turn | Location | Event 6 | -11/Scrapyard | Discovered new exit (range 15) 56 | -11/Scrapyard | Entered Materials 178 | -10/Materials | Discovered new exit (range 16) 204 | -10/Materials | Identified exit to Mines 300 | -10/Materials | Build established: Mutant 414 | -10/Materials | Discovered new exit (range 6) 424 | -10/Materials | Identified exit to Materials 671 | -10/Materials | Discovered exit to Materials (range 8) 819 | -10/Materials | Discovered exit to Materials (range 12) 934 | -10/Materials | Discovered new exit (range 8) 940 | -10/Materials | Identified exit to Subcaves 1062 | -10/Materials | Entered another Materials area 1062 | -9/Materials | Evolved 2 slots: Propulsion x2 1720 | -9/Materials | Repaired Wheel 1773 | -9/Materials | Discovered new exit (range 16) 1949 | -9/Materials | Discovered new exit (range 8) 2037 | -9/Materials | Core integrity fell below 50% 2303 | -9/Materials | Discovered new exit (range 5) 2328 | -9/Materials | Core integrity fell below 20% 2334 | -9/Materials | Entered another Materials area 2334 | -8/Materials | Evolved 2 slots: Utility x1, Weapon x1 2341 | -8/Materials | Discovered new exit (range 13) 2472 | -8/Materials | Discovered new exit (range 15) 2498 | -8/Materials | Garrison activated, responded to threat 2613 | -8/Materials | Destroyed 7 combat bots 2711 | -8/Materials | Core integrity fell below 50% 2909 | -8/Materials | Build established: Scavenger-Skirmisher 2951 | -8/Materials | Discovered new exit (range 15) 3028 | -8/Materials | Core integrity fell below 20% 3059 | -8/Materials | Destroyed by G-47 Trooper with Particle Gun Last Messages --------------- Aluminum Leg destroyed. Broken Carbon-fiber Leg destroyed. K-01 Serf collects debris. Slammed into G-47 Trooper. Hvy. Particle Cannon destroyed. M-13 Machinist repairs G-47 Trooper. System corrupted: Matter fused (-10). Overheating: Transport Network Coupler damaged (-12). Sml. Storage Unit destroyed. K-01 Serf collects debris. Slammed into M-13 Machinist. Destabilizing: Core damaged (-5). K-01 Serf cleans the Terminal. R-06 Scavenger collects Hvy. Particle Cannon. K-01 Serf collects debris. Critical hit (Burn: +37). Hvy. Particle Cannon destroyed. Cld. Ion Engine destroyed. Critical hit (Burn: +37). Map ----- +----------------------------------------------------+ | ??????????# #???????????????????????? | | ??????????# #???????????????????????? | | ??????????# #???????????????????????? | | ??????????# #???????????????????????? | | ??######### #???????????????????????? | | ??# # #???????????????????????? | | ??# """"" # #???????????????????????? | | ??# ""T"" # a#???????????????????????? | | ??# # #???????????????????????? | | ??# [ # #???????????????????????? | | ??######/## #???????????????????????? | | ?????# %= #???????????????????????? | | ?????# #???????????????????????? | | ?????# ##########???????????????????? | | ?????# # #???????????????????? | | ?????# # #???????????????????? | | ?????# # #???????????????????? | | ?????# # #???????????????????? | | ?????# # #???????????????????? | | ?????# # #???????????????????? | | ?????# # ########+####???????? | | ?????# # ## ???????? | | ?????# #####+##### ??????? | | ?????# u k ???????? | | ?????# g r #??????????????? | | ?????# @ mo""" k#??????????????? | | ?????# G" #??????????????? | | ?????# t """ a#??????????????? | | ?????# #### u g #??????????????? | | ?????# #??# #??????????????? | | ?????# #??# #??????????????? | | ?????# #??# #??????????????? | | ?????# #??# #??????????????? | | ?????# #??# !!! #????????????### | | ?????# #### !! ############## | | ?????# # !! [*[== | | ?????# # < = % ! | | ?????# # %== | | ?????# ####+########+##############!= | | ?????# #??????# #?????????#= | | ?????# #??????# #?????????# | | ?????# #??????# ! #?????????# | | ?????# #??????# #?????????# | | ?????# #??????# #?????????# | | ?????# #??????# #?????????# | | ?????# #??????# #?????????# | | ?????# ######## #?????????#### | | ?????# # ! ############????????????? | | ?????# # "#???????????????????????? | | ?????# # T#???????????????????????? | +----------------------------------------------------+ Best States ------------- Heat Dissipation 31 Energy Generation 14 Energy Capacity 280 Matter Stores 300 Matter Capacity 300 Sight Range 16 Terrain Scan Density 10 Evasion (%) 65 Defensive Hacking 10 Item Schematics ----------------- None Robot Schematics ------------------ None Fabricated ------------ Nothing Alien Tech Used ----------------- None Achievements -------------- Power Corrupts Challenges ------------ None Game ------ Seed MinesnifferEnhancedMembrane Manual? 0 Play Time 00:31:27 Cumulative 3.8 hours Start 2024.04.07 @ 06:28:11 End 2024.04.07 @ 06:56:34 Sessions 1 Manual Loads 0 Difficulty Rogue Special Mode None Game No. 15 Rogue 15 Adventurer 0 Explorer 0 Win Type - Total 0 Types 0/0/0/0/0/0/0/0/0 Lore% 4 Gallery% 11 Achievement% 12 Wizard Run 0 Options --------- Layout 1 ASCII 0 Keyboard 0 Movement Mouse Keybinds 0 Fullscreen 1 Font 24/Smallcaps Map View 50x35 Zoom Use 0% Tactical HUD 0 Map Filters NONE Filters NONE Steam 1 RUN: c2790c7a-ca98-4a38-a9dc-5f23d13cdea7